 Dungeon Crawl Stone Soup version 0.25-a0-290-g4a1327ee3a (webtiles) character file.

Game seed: 17210098562929986563, levelgen mode: deterministic

164903 Galdor the Brawler (level 17, -10/223 HPs)
             Began as a Pale Draconian Monk on Dec 9, 2019.
             Was the Champion of Kikubaaqudgha.
             Mangled by Polyphemus (38 damage)
             ... on level 2 of the Shoals on Dec 23, 2019.
             The game lasted 07:16:06 (23381 turns).

Galdor the Brawler (Pale Draconian Monk)           Turns: 23381, Time: 07:16:06

Health: -10/223    AC: 13    Str: 18    XL:     17   Next: 26%
Magic:  21/29      EV: 22    Int: 14    God:    Kikubaaqudgha [******]
Gold:   572        SH:  0    Dex: 13    Spells: 10/32 levels left

rFire    . . .     SeeInvis .     - Unarmed
rCold    . . .     Gourm    .   (shield currently unavailable)
rNeg     . . .     Faith    .   (armour unavailable)
rPois    +         Spirit   .   r - +0 hat "Guososh" {rPois Str-5 Slay+5 Stlth+, !d} (curse)
rElec    .         Reflect  .   V - +2 cloak {!d}
rCorr    .         Harm     .   (gloves currently unavailable)
MR       ++...                  u - +0 pair of boots
Stlth    ..........             R - amulet of rage {!d}
HPRegen  0.47/turn              v - +3 ring of evasion {!d}
MPRegen  0.21/turn              m - ring of protection from magic {!d}

@: berserking, blade hands, very quick
A: breathe steam, unfitting armour, cold-blooded, AC +9
a: Breathe Steam, End Transformation, Receive Corpses, Torment, Renounce
Religion, Evoke Berserk Rage


You were on level 2 of the Shoals.
You worshipped Kikubaaqudgha.
Kikubaaqudgha was exalted by your worship.
You were hungry.
You had blades for hands.
You visited 6 branches of the dungeon, and saw 30 of its levels.
You also visited: Ice Cave.

You collected 2186 gold pieces.
You spent 1614 gold pieces at shops.

Inventory:

Hand Weapons
 x - a +1 antimagic demon trident
Missiles
 p - 5 boomerangs of dispersal
 q - 52 boomerangs
 y - 23 arrows
 A - a throwing net
 E - 12 silver javelins
 F - 7 silver boomerangs
 K - 28 poisoned darts
 U - 5 curare-tipped darts
 X - 28 javelins (quivered)
Armour
 r - the cursed +0 hat "Guososh" (worn) {rPois Str-5 Slay+5 Stlth+, !d}
   (You bought it in a shop on level 8 of the Dungeon)

   It affects your strength (-5).
   It affects your accuracy and damage with ranged weapons and melee attacks
   (+5).
   It protects you from poison.
   It makes you more stealthy.
   It has a curse placed upon it.
 u - a +0 pair of boots (worn)
 D - a +0 pair of gloves (melded)
 V - a +2 cloak (worn) {!d}
Magical Staves
 b - an uncursed staff of energy (melded) {!a !d}
 d - an uncursed staff of death {!a !d}
 w - an uncursed staff of wizardry {!a !d}
Jewellery
 c - an uncursed ring of protection from cold {!d}
 f - the ring "Puezeit" {rF+ MP+9, !d}
   (You found it in an ice cave)

   [ring of magical power]

   It protects you from fire.
   It affects your magic capacity (+9).
 i - an uncursed ring of see invisible {!d}
 m - a ring of protection from magic (right scythe-like blade) {!d}
 v - a +3 ring of evasion (left scythe-like blade) {!d}
 I - a +5 ring of intelligence {!d}
 R - an amulet of rage (around neck) {!d}
Wands
 e - a wand of digging (9)
 n - a wand of flame (65)
 M - a wand of polymorph (3)
 O - a wand of iceblast (8)
Scrolls
 a - a scroll of fear
 j - a scroll of fog
 l - 4 scrolls of teleportation
 s - 7 scrolls of identify
 H - 6 scrolls of amnesia
 J - a scroll of vulnerability {!r}
 N - 3 scrolls of immolation {!r}
 Q - 2 scrolls of blinking
 S - 9 scrolls of remove curse
Potions
 g - 5 potions of curing
 h - 4 potions of resistance
 k - a potion of might
 o - a potion of flight
 B - 3 potions of mutation {!q}
 G - 3 potions of brilliance
 L - 2 potions of cancellation
 Y - 3 potions of lignification {!q}
Miscellaneous
 C - a sack of spiders
 T - a phial of floods
Comestibles
 t - 31 rations


   Skills:
 - Level 13.0 Fighting
 - Level 12.0 Dodging
 - Level 5.0 Stealth
 + Level 16.5 Unarmed Combat
 - Level 8.0 Spellcasting
 - Level 6.0 Charms
 - Level 12.0 Necromancy
 - Level 10.0 Transmutations
 - Level 5.0 Ice Magic
 - Level 12.0 Evocations


You had 10 spell levels left.
You knew the following spells:

 Your Spells              Type           Power        Failure   Level  Hunger
d - Animate Dead          Necr           N/A          14%         4    ####...
g - Agony                 Necr           #####...     24%         5    #####..
k - Animate Skeleton      Necr           N/A          7%          1    None
p - Pain                  Necr           ####         7%          1    None
r - Regeneration          Chrm/Necr      ####......   14%         3    ##.....
A - Ozocubu's Armour      Chrm/Ice       ###.....     30%         3    ##.....
B - Blade Hands           Tmut           ####......   36%         5    #####..

Your spell library contained the following spells:

 Spells                   Type           Power        Failure   Level  Hunger
 Sublimation of Blood     Necr           #####.....   8%          2    None
 Beastly Appendage        Tmut           ####..       9%          1    None
 Sticks to Snakes         Tmut           ####....     10%         2    None
 Freeze                   Ice            ###.         19%         1    None
 Dispel Undead            Necr           #####...     24%         5    #####..
 Spider Form              Tmut/Pois      ###.......   32%         3    ##.....
 Ice Form                 Ice/Tmut       ####....     36%         4    ####...
 Excruciating Wounds      Chrm/Necr      ####......   43%         5    #####..
 Apportation              Tloc           #.....       52%         1    None
 Magic Dart               Conj           #...         52%         1    None
 Summon Butterflies       Summ           #.......     52%         1    None
 Searing Ray              Conj           #.....       61%         2    None
 Dazzling Flash           Conj/Hex       #.....       78%         3    ##.....
 Lesser Beckoning         Tloc           #.........   78%         3    ##.....
 Tukima's Dance           Hex            #.......     78%         3    ##.....
 Hailstorm                Conj/Ice       ##......     82%         4    ####...
 Summon Ice Beast         Ice/Summ       ##......     82%         4    ####...
 Alistair's Intoxication  Tmut/Pois      ###.....     82%         5    #####..
 Yara's Violent Unravell  Hex/Tmut       ###.......   82%         5    #####..
 Simulacrum               Ice/Necr       ####......   88%         6    #######
 Cause Fear               Hex            #.........   97%         4    ####...
 Fulminant Prism          Conj/Hex       #.........   97%         4    ####...
 Iskenderun's Mystic Bla  Conj/Tloc      #.......     97%         4    ####...
 Silence                  Hex/Air        #.........   100%        5    #####..
 Deflect Missiles         Chrm/Air       ##........   100%        6    #######
 Invisibility             Hex            #.......     100%        6    #######
 Haunt                    Necr/Summ      ###.......   100%        7    #######
 Borgnjor's Revivificati  Necr           #####.....   100%        8    #######
 Death's Door             Chrm/Necr      ####......   100%        8    #######
 Discord                  Hex            #.........   100%        8    #######
 Infestation              Necr           #####.....   100%        8    #######
 Necromutation            Tmut/Necr      #####.....   100%        8    #######


Dungeon Overview and Level Annotations

Branches:
Dungeon (15/15)            Temple (1/1) D:7            Lair (6/6) D:10
 Shoals (2/4) Lair:2        Snake (4/4) Lair:2          Orc (2/2) D:11
    Elf (0/3) Orc:2        Depths (0/5) D:15          IceCv (visited)
  Slime: Lair:5-6    Vaults: D:13-14

Altars:
Ashenzari
Dithmenos
Fedhas
Gozag
Hepliaklqana
Kikubaaqudgha
Makhleb
Nemelex Xobeh
Okawaru
Qazlal
Ru
Trog
Uskayaw
Wu Jian
Zin
The Shining One
Beogh

Shops:
D:6 }   D:7 !   D:8 [   D:11 =   Orc:2 :%*}%   Snake:2 [   Snake:4 }}=

Annotations:
D:3 item below stones
D:5 MAPPED, 1 runed translucent door, Crazy Yiuf, Pikel
D:7 pot shop
D:11 items
D:12 Erolcha
D:14 1 runed translucent door, Inatz's ghost, journeyman DDBe
D:15 MAPPED
Lair:2 2 transporters; buckler; ! items, 1 exclusion, Bojesaq's ghost, journeyman KoGl
Lair:3 exclusion: oklob plant
Lair:6 MAPPED
Shoals:1 exclusion: downstairs
Shoals:2 2 transporters; artefact hat; moth of wrath, LostGamesStreakFreak's ghost, adept HOBe; Polyphemus
Snake:4 MAPPED


Innate Abilities, Weirdness & Mutations

You can breathe blasts of scalding, opaque steam.
Your pale cyan-grey scales are hard. (AC +9)
You cannot fit into any form of body armour.
You are cold-blooded and may be slowed by cold attacks.


Message History

Your merfolk siren skeleton hits the death yak from afar with a +0 spear!
Your manticore zombie bites the death yak!
Your manticore zombie claws the death yak!
The death yak dies!
Kikubaaqudgha accepts your kill.
You swap places.
Your icy armour cracks and falls away as you move.
Polyphemus throws a large rock.
The large rock completely misses you.
The large rock hits your manticore zombie!!
Your manticore zombie is destroyed!
You see here 3 large rocks.
Polyphemus hits you!!
* * * LOW HITPOINT WARNING * * *
Polyphemus misses you.
A red film seems to cover your vision as you go berserk!
You feel yourself moving faster!
You feel mighty!
You are feeling hungry.
Polyphemus hits you!!!
You die...
Kikubaaqudgha rasps: "You have failed me!
Welcome... death!"

#...W.# ##≈)≈P≈≈≈≈≈≈PP..
....≈≈
###m.y###≈≈≈≈≈≈PP≈≈≈≈≈≈.
≈.≈≈
..#####≈≈≈≈≈≈PPP≈≈≈≈≈≈.
≈≈≈
.....≈...≈.≈≈≈≈≈≈≈≈≈≈.
≈≈ ≈≈≈≈.P≈...≈.≈≈......#
≈≈≈≈......##.≈..#..##
≈≈≈≈≈.....P##.P..Z(#
≈≈≈≈≈≈≈..≈.......(##
≈≈≈≈≈≈.≈≈≈...≈≈≈@.#
.≈≈≈≈≈..≈≈≈.≈≈≈≈(C##
.≈≈≈≈≈≈..≈≈≈≈≈≈≈≈..##
≈≈≈≈≈≈≈..≈≈≈≈≈≈≈≈...#
≈≈≈≈≈≈≈..≈≈≈≈≈≈≈≈≈≈.#
≈≈≈≈..≈..≈≈≈≈≈≈≈≈≈≈.##
≈≈≈≈......≈≈≈≈≈≈≈≈≈..#
≈≈≈≈...†#.≈≈≈≈≈≈≈≈≈!..#
≈.#.......≈≈≈≈≈≈≈≈≈≈....


You could see Polyphemus and a friendly merfolk siren skeleton.

Vanquished Creatures
  Gastronok (D:12)
  Donald (Snake:2)
  Ilsuiw (Shoals:2)
  3 nagarajas
  A ghost moth (shapeshifter) (Snake:4)
  A very ugly thing (IceCv)
  4 dire elephants (Lair:6)
  A minotaur (Lair:1)
  The ghost of cod the Carver, a journeyman OpWn of Makhleb (Lair:6)
  An ettin (Shoals:2)
  Josephine (D:12)
  A merfolk javelineer (Shoals:2)
  A merfolk impaler (Shoals:1)
  9 hydras
  Fannar (D:12)
  14 naga warriors
  A merfolk avatar (Shoals:1)
  A centaur warrior (D:12)
  13 anacondas
  4 two-headed ogres
  A merfolk aquamancer (Shoals:1)
  An alligator snapping turtle (Shoals:2)
  A death yak (Shoals:2)
  The ghost of grouchysmurf the Summoner, a novice HuSu of the Shining One (D:9)
  7 naga sharpshooters
  4 shock serpents
  Urug (Lair:2)
  4 orc high priests (Orc:2)
  Nergalle (D:11)
  A salamander mystic (Snake:2)
  4 sea snakes
  The ghost of Voker57 the Nimble, a novice FeBe of Trog (Lair:1)
  10 naga ritualists
  5 harpies (Shoals:1)
  4 cyclopes (D:12)
  15 mana vipers
  3 ugly things
  An orc sorcerer (Orc:2)
  3 deep elf magi
  10 salamanders
  5 manticores
  2 fauns
  10 elephants
  35 black mambas
  4 water nymphs
  4 guardian serpents
  4 merfolk sirens
  A torpor snail (Lair:6)
  6 ice statues
  9 naga magi
  5 spiny frogs
  A spiny frog (shapeshifter) (D:15)
  A gargoyle (D:11)
  4 centaur skeletons
  8 kobold demonologists
  4 komodo dragons
  A freezing wraith (D:14)
  2 anaconda simulacra (IceCv)
  5 trolls
  A golden dragon simulacrum (IceCv)
  6 merfolk
  6 wind drakes
  9 slime creatures
  3 snapping turtles
  4 blink frogs (Lair:6)
  6 hippogriffs
  5 water elementals (Shoals:1)
  2 wyverns
  5 wraiths (D:12)
  36 yaks
  3 basilisks
  A steam dragon (Lair:3)
  An iron troll simulacrum (IceCv)
  2 wargs (Orc:2)
  A soldier ant (D:14)
  40 nagas
  Duvessa (D:7)
  An acid dragon (D:15)
  9 porcupines
  A hydra simulacrum (IceCv)
  14 water moccasins
  A porcupine (shapeshifter) (D:12)
  An eye of draining (D:9)
  A sky beast (D:10)
  2 ettin simulacra (IceCv)
  14 orc warriors
  3 slaves (D:5)
  11 ice beasts
  A necrophage (D:12)
  3 black bears
  8 ogres
  A phantom (D:7)
  25 centaurs
  14 crocodiles
  2 wolves (Lair:3)
  7 big kobolds
  10 bullfrogs
  A wyvern skeleton (D:12)
  5 scorpions
  Dowan (D:7)
  8 killer bees (D:10)
  13 wights
  2 howler monkeys
  6 crimson imps
  3 electric eels
  2 bullfrog zombies
  2 centaur zombies
  A quasit (D:6)
  8 hounds
  5 jellies
  A bullfrog skeleton (D:13)
  5 iguanas
  32 orc priests
  21 orc wizards
  Natasha (twice) (D:4)
  6 worker ants
  A hound zombie (D:7)
  4 gnolls (D:2)
  11 adders
  A howler monkey skeleton (D:6)
  2 shadow imps
  3 adder skeletons
  5 worms
  4 dart slugs
  2 leopard geckos
  54 orcs
  2 giant cockroaches
  6 goblins
  8 hobgoblins
  16 jackals
  25 kobolds
  7 quokkas
  2 ball pythons
  9 bats
  10 frilled lizards
  A jackal skeleton (D:6)
  A quokka zombie (D:7)
  9 rats
  4 plants (Lair:6)
822 creatures vanquished.

Vanquished Creatures (collateral kills)
  A very ugly thing (IceCv)
  2 merfolk impalers (Shoals:2)
  2 naga warriors
  A hydra (D:15)
  A centaur warrior (D:11)
  A two-headed ogre (D:10)
  A death yak (Shoals:2)
  A shock serpent (Snake:1)
  2 sea snakes
  A mana viper (Snake:1)
  4 harpies (Shoals:1)
  A wolf spider (D:15)
  An orc sorcerer (Orc:2)
  An ugly thing (D:11)
  A cyclops (D:15)
  A manticore (Shoals:2)
  4 merfolk sirens (Shoals:2)
  6 black mambas
  5 elephants
  Psyche (D:9)
  3 spiny frogs
  A komodo dragon (Lair:3)
  5 merfolk
  A hippogriff (Lair:6)
  A blink frog (Lair:6)
  A wyvern (Lair:1)
  A basilisk (D:10)
  30 yaks
  6 nagas
  An iron troll simulacrum (IceCv)
  2 porcupines
  7 water moccasins
  A sky beast (D:12)
  An ettin simulacrum (IceCv)
  A phantom (D:9)
  A wolf (Lair:3)
  2 bullfrogs
  4 killer bees (D:10)
  A wight (D:6)
  A hound (D:7)
  Natasha (D:4)
  An orc wizard (D:4)
  A worker ant zombie (D:9)
  An adder (D:9)
  8 orcs
  A hobgoblin (D:2)
  3 jackals (D:9)
  A quokka (D:9)
  A jackal skeleton (D:8)
  4 kobolds
  A butterfly (Lair:6)
  4 fungi
  A plant (Lair:6)
137 creatures vanquished.

Vanquished Creatures (others)
  2 kobolds (D:12)
  2 bushes (D:10)
  11 fungi
  29 plants
  10 toadstools (Lair:5)
54 creatures vanquished.

Grand Total: 1013 creatures vanquished

Notes
Turn   | Place    | Note
-------+----------+-------------------------------------------
     0 | D:1      | Galdor the Draconian Monk began the quest for the Orb.
     0 | D:1      | Reached XP level 1. HP: 19/19 MP: 1/1
     0 | D:1      | //[El]
   142 | D:1      | Reached XP level 2. HP: 26/26 MP: 2/2
   267 | D:1      | //cloak
   442 | D:1      | //cleared most of D:1
   466 | D:2      | Reached skill level 4 in Unarmed Combat
   548 | D:2      | Reached XP level 3. HP: 27/31 MP: 3/3
   549 | D:2      | //Str
   588 | D:2      | //emergency pots vs halberd-gnoll were ag and curing
   592 | D:2      | //still no throwables
   627 | D:1      | //back up to stairs
   724 | D:2      | //ring rC+, nice for a Dr
   771 | D:2      | //[-> CiM ml]
   976 | D:2      | Reached XP level 4. HP: 38/38 MP: 4/4
   983 | D:2      | Found a stormy altar of Qazlal.
   987 | D:2      | Found an ancient bone altar of Kikubaaqudgha.
   990 | D:2      | Found a sacrificial altar of Ru.
   994 | D:2      | //finally reached this "mini tempel"
   994 | D:2      | //maybe Kiku for extended
   994 | D:2      | //[gu]
  1003 | D:2      | Became a worshipper of Kikubaaqudgha
  1003 | D:2      | Reached * piety under Kikubaaqudgha
  1003 | D:2      | Identified Kikubaaqudgha's Papyrus of Evil Secrets
                  | (Kikubaaqudgha gifted it to you on level 2 of the Dungeon)
  1003 | D:2      | Received a gift from Kikubaaqudgha
  1003 | D:2      | Reached ** piety under Kikubaaqudgha
  1005 | D:2      | //... and gift...
  1007 | D:2      | Learned a level 1 spell: Animate Skeleton
  1069 | D:2      | Reached skill level 5 in Unarmed Combat
  1092 | D:2      | //stones
  1485 | D:3      | Found a stormy altar of Qazlal.
  1504 | D:3      | Reached skill level 1 in Necromancy
  1705 | D:3      | Reached XP level 5. HP: 40/45 MP: 5/5
  1711 | D:3      | //+0 whip venom, ok atm
  1732 | D:3      | //... and much better than UC with 5 skill
  1743 | D:3      | Learned a level 3 spell: Regeneration
  1877 | D:3      | Reached skill level 1 in Charms
  1889 | D:3      | //faith, hmm
  1889 | D:3      | //well, keep it atm
  2227 | D:3      | Noticed a hippogriff
  2228 | D:3      | //hippo on D:3!?
  2232 | D:3      | //No wands
  2264 | D:4      | //with Oka it would have been just heroism
  2315 | D:4      | //ring att
  2365 | D:4      | Noticed Natasha
  2379 | D:4      | Killed Natasha
  2380 | D:4      | //fungus form stronger than natasha :-)
  2450 | D:4      | Reached *** piety under Kikubaaqudgha
  2450 | D:4      | Identified Kikubaaqudgha's Collected Works on Necromancy
                  | (Kikubaaqudgha gifted it to you on level 4 of the Dungeon)
  2450 | D:4      | Received a gift from Kikubaaqudgha
  2626 | D:4      | Noticed an ogre
  2645 | D:4      | Killed an ogre
  2645 | D:4      | Reached XP level 6. HP: 52/52 MP: 6/6
  2646 | D:4      | //Int
  2660 | D:4      | //psnd darts helped vs ogre
  2660 | D:4      | //btw, receive corpses available
  2671 | D:4      | Found a burning altar of Makhleb.
  2698 | D:4      | Noticed Natasha
  2705 | D:4      | Killed Natasha
  2706 | D:4      | //Natasha claws you. Your ogre skeleton hits Natasha with
                  | a +0 giant club! Natasha dies!
  2822 | D:4      | Reached skill level 1 in Spellcasting
  2823 | D:4      | //You hear some strange, mumbled words. You are confused.
                  | Your ogre skeleton hits something with a +0 giant club!
                  | Kikubaaqudgha accepts your kill. Reactivating autopickup.
  2847 | D:4      | Learned a level 1 spell: Pain
  2857 | D:4      | Noticed Natasha
  2860 | D:4      | //and now my Dr is a pig...
  2877 | D:4      | //emergency pot: lig
  2882 | D:4      | Killed Natasha
  2916 | D:4      | //forgot regen spell while walking around, so this was
                  | tough
  3056 | D:5      | Entered Level 5 of the Dungeon
  3133 | D:5      | Your scales start taking on a pale cyan-grey colour.
  3133 | D:5      | Reached XP level 7. HP: 60/60 MP: 8/8
  3189 | D:5      | //acid
  3224 | D:5      | Found a runed translucent door.
  3225 | D:5      | Noticed Crazy Yiuf
  3307 | D:5      | Reached skill level 5 in Fighting
  3307 | D:5      | Reached skill level 1 in Evocations
  3506 | D:5      | Noticed Pikel
  3600 | D:5      | //corr-20, ouch
  3726 | D:5      | //+1 whip venom
  4020 | D:6      | Found Huaxu's Gadget Shoppe.
  4040 | D:6      | Reached skill level 5 in Necromancy
  4091 | D:6      | Reached XP level 8. HP: 63/68 MP: 9/9
  4097 | D:6      | //steam not so bad in early game
  4151 | D:6      | Reached skill level 6 in Unarmed Combat
  4154 | D:6      | //You exhale a blast of scalding steam. The ball of steam
                  | hits the orc. The orc is almost dead. Kikubaaqudgha
                  | accepts your kill. You feel a bit more experienced. You
                  | feel slightly more hungry. The orc is engulfed in a cloud
                  | of scalding steam. You kill the orc! Kikubaaqudgha
                  | accepts your kill.
  4270 | D:6      | Found an ornate altar of the Wu Jian Council.
  4327 | D:6      | //id mut
  4434 | D:6      | Reached **** piety under Kikubaaqudgha
  4435 | D:6      | //Dealer of Despair (necro 6.2)
  4435 | D:6      | //enough necro? regen 13% fail
  4435 | D:6      | //animate 22%, mhmm
  4435 | D:6      | //always think I go to UC now - but then push necro
                  | again...
  4443 | D:6      | //nearly playing entire levels btw - still no remove ring
                  | attention
  4659 | D:7      | Learned a level 4 spell: Animate Dead
  4692 | D:7      | Noticed Dowan
  4698 | D:7      | Killed Dowan
  4699 | D:7      | //one acid vs dowan
  4744 | D:7      | Noticed Duvessa
  4749 | D:7      | Found a staircase to the Ecumenical Temple.
  4751 | D:7      | //Duvessa hits Dowan with a +0 rapier of distortion! _Space
                  | bends around Dowan.
  4751 | D:7      | //... duvessa bers - skeletons block LOS :-|
  4761 | D:7      | //2 acid not enough vs duvessa
  4763 | D:7      | //few, duvessa stops berserking
  4795 | D:7      | Killed Duvessa
  4796 | D:7      | //You start resting. Kikubaaqudgha accepts your kill. You
                  | hear a splash. x2 Training target 3.0 for Spellcasting
                  | reached! Your Spellcasting skill increases to level 3!
                  | You need to enable at least one skill for training. You
                  | feel a bit more experienced.
  4796 | D:7      | //duvessa died offscreen...
  4883 | Temple   | Entered the Ecumenical Temple
  4933 | D:7      | Noticed a hippogriff
  4943 | D:7      | Killed a hippogriff
  4943 | D:7      | Reached XP level 9. HP: 55/74 MP: 14/14
  4944 | D:7      | //Int again
  4961 | D:7      | //15/2912
  4961 | D:7      | //[...]
  4983 | D:7      | Reached skill level 7 in Unarmed Combat
  5102 | D:7      | Found Hyneat's Distillery.
  5110 | D:7      | Bought 2 potions of might for 80 gold pieces
  5110 | D:7      | Bought a potion of haste for 100 gold pieces
  5110 | D:7      | Bought a potion of brilliance for 40 gold pieces
  5110 | D:7      | Bought a potion of heal wounds for 50 gold pieces
  5110 | D:7      | //... and all (few) pots id now (!)
  5416 | D:8      | Found an iron altar of Okawaru.
  5427 | D:8      | Reached skill level 8 in Unarmed Combat
  5633 | D:8      | Learned a level 5 spell: Agony
  5733 | D:8      | //UC better now?
  5750 | D:8      | //no, back to whip venom atm
  5768 | D:8      | Reached skill level 9 in Unarmed Combat
  5827 | D:8      | Reached ***** piety under Kikubaaqudgha
  6106 | D:9      | Noticed a two-headed ogre
  6109 | D:9      | //manual dodge, ok
  6131 | D:9      | Killed a two-headed ogre
  6131 | D:9      | Reached XP level 10. HP: 62/86 MP: 9/15
  6187 | D:9      | Found a runed translucent door.
  6187 | D:9      | Noticed grouchysmurf's ghost (novice HuSu)
  6235 | D:9      | Noticed Psyche
  6245 | D:9      | Killed Psyche
  6373 | D:8      | //finally remove
  6378 | D:8      | //2 rings rC+
  6647 | D:10     | Entered Level 10 of the Dungeon
  6662 | D:10     | //A killer bee and 4 wights come into view.
  6662 | D:10     | //ouch
  6737 | D:9      | Found a glowing silver altar of Zin.
  6737 | D:9      | Found a sparkling altar of Nemelex Xobeh.
  6939 | D:10     | You fall into a shaft and drop 2 floors!
  6940 | D:12     | //not funny
  6977 | D:12     | Reached skill level 10 in Dodging
  7008 | D:12     | //giving all my consumables - haste, might, 2 hw
  7008 | D:12     | //because of this stupid shaft
  7008 | D:12     | //and fear too btw
  7023 | D:12     | //problem: next floor not only 1 ce but several
  7248 | D:12     | Noticed Fannar
  7248 | D:12     | Noticed a cyclops
  7322 | D:12     | Killed Fannar
  7323 | D:12     | //finally
  7323 | D:12     | //and finished manual Dodging at 11.9
  7323 | D:12     | //8/19
  7371 | D:12     | Killed a cyclops
  7456 | D:12     | //wand dig
  7467 | D:12     | //id 2 telep
  7587 | D:12     | Noticed Erolcha
  7588 | D:12     | Noticed a cyclops
  7589 | D:12     | //bad telep
  7592 | D:12     | //good telep
  7593 | D:12     | //but this shafting eats all my consumables
  7593 | D:12     | //or at least many
  7661 | D:12     | Reached XP level 11. HP: 87/92 MP: 12/17
  7682 | D:12     | Noticed Josephine
  7695 | D:12     | Noticed a deep troll
  7696 | D:12     | a deep troll changed into a redback
  7696 | D:12     | Noticed a sun demon
  7700 | D:12     | Killed Josephine
  7700 | D:12     | Reached skill level 5 in Spellcasting
  7794 | D:12     | //can't take phial with me
  7823 | D:12     | //why so often regen miscast at 8% fail?
  7860 | D:12     | //nasty kobold dem. (2x)
  7874 | D:12     | Reached skill level 10 in Unarmed Combat
  7901 | D:12     | Noticed a lindwurm
  7906 | D:12     | //4th kobold dem
  7925 | D:12     | //also pot might was used
  7964 | D:12     | //no chance to heal HP up - elephants north and ce south
  8074 | D:12     | Learned a level 5 spell: Dispel Undead
  8194 | D:12     | Reached skill level 11 in Unarmed Combat
  8335 | D:12     | Reached ****** piety under Kikubaaqudgha
  8336 | D:12     | //already 6*
  8378 | D:12     | //staff death
  8401 | D:11     | //finally stairs up - and next stairs up
  8405 | D:11     | //and again kobold dem
  8408 | D:10     | //*finally* D:10 again
  8409 | D:10     | //***
  8468 | D:10     | //ring MR+
  8579 | D:10     | //staff en
  8777 | D:10     | Noticed an eight-headed hydra
  8837 | D:9      | //no way to deal with hydra :-|
  8919 | D:10     | Reached skill level 12 in Unarmed Combat
  8937 | D:10     | Found a staircase to the Lair.
  8950 | D:10     | Killed an eight-headed hydra
  8952 | D:10     | //hydra ok (received corpses)
  8955 | D:10     | Noticed a two-headed ogre
  8964 | D:10     | Killed a two-headed ogre
  8990 | D:10     | Reached XP level 12. HP: 101/101 MP: 8/19
  9045 | Lair:1   | Entered Level 1 of the Lair of Beasts
  9056 | Lair:1   | Noticed Voker57's ghost (novice FeBe)
  9057 | Lair:1   | Noticed a minotaur
  9134 | Lair:1   | Found a runed translucent gate.
  9134 | Lair:1   | Found a runed translucent gate.
  9134 | Lair:1   | Found a runed translucent gate.
  9284 | D:7      | Bought a potion of heal wounds for 50 gold pieces
  9284 | D:7      | Bought a potion of heal wounds for 50 gold pieces
  9284 | D:7      | Bought a potion of heal wounds for 50 gold pieces
  9284 | D:7      | Bought a potion of resistance for 100 gold pieces
  9284 | D:7      | Bought 2 potions of might for 80 gold pieces
  9358 | D:8      | Found Viqikas's Antique Armour Boutique.
  9362 | D:8      | //hat here in antique shop
  9399 | D:8      | //+0 cloak is only armour (!)
  9518 | Lair:1   | Reached skill level 13 in Unarmed Combat
  9622 | Lair:1   | Noticed a six-headed hydra
  9635 | Lair:1   | Killed a six-headed hydra
  9943 | Lair:2   | Found a transporter.
 10117 | Lair:2   | Found a transporter.
 10134 | Lair:2   | Noticed Bojesaq's ghost (journeyman KoGl)
 10142 | Lair:2   | Found a bloodstained altar of Trog.
 10166 | Lair:2   | Identified the +7 spear of the Endless Seas {venom, rC- rN+
                  | Dex+6}
 10168 | Lair:2   | Identified the +0 trident of Imbalance {drain, Fragile rF+
                  | Str+6}
 10300 | Lair:2   | Noticed Urug
 10325 | Lair:2   | Killed Urug
 10477 | Lair:2   | //id 2 enchA -> +2 cloak
 10484 | Lair:2   | //snake and shoals here
 10489 | Lair:2   | //... probably
 10504 | Lair:2   | Found a staircase to the Snake Pit.
 10878 | Lair:2   | Upgraded the game from 0.25-a0-277-g7046ed1b37 to
                  | 0.25-a0-287-g56a5b49892
 10878 | Lair:2   | //[*******]
 10894 | Lair:3   | //disint
 10920 | Lair:3   | //pain interesting with staff death
 10979 | Lair:3   | //but breath steam much better
 11080 | Lair:3   | //id rage
 11204 | Lair:4   | //+3 ring ev
 11220 | Lair:4   | Reached skill level 10 in Fighting
 11401 | Lair:4   | Reached XP level 13. HP: 95/113 MP: 17/20
 11422 | Lair:4   | Reached skill level 14 in Unarmed Combat
 11572 | Lair:5   | //You climb downwards. You set off the alarm! A sentinel's
                  | mark forms upon you.
 11572 | Lair:5   | //what for?
 11705 | Lair:5   | //id blinking
 11898 | Lair:5   | Found a blossoming altar of Fedhas.
 11959 | Lair:6   | Entered Level 6 of the Lair of Beasts
 11978 | Lair:6   | Reached skill level 5 in Evocations
 11979 | Lair:6   | //7-hydra easy with might (!)
 11995 | Lair:6   | //dire elephant ending
 12042 | Lair:6   | //marked again
 12074 | Lair:6   | //komodo is surprisingly nasty
 12085 | Lair:6   | //switch to amu rage - Kiku 5*
 12112 | Lair:6   | //rage stopped at the very moment I face the hydra
 12127 | Lair:6   | //failed to disintegrate eel
 12127 | Lair:6   | //89% chance is too low :-|
 12136 | Lair:6   | //telep *just* to another hydra
 12137 | Lair:6   | //used/wasted again SO MANY consumables because of this
                  | STUPID mark
 12137 | Lair:6   | //better 1 (the only) pot cancel. next time
 12258 | Lair:6   | Found a large runed translucent door.
 12259 | Lair:6   | Found a large runed translucent door.
 12259 | Lair:6   | Noticed cod's ghost (journeyman OpWn)
 12300 | Lair:6   | Killed cod's ghost
 12301 | Lair:6   | //bers necessary
 12312 | Lair:6   | //ring rPois
 12417 | Lair:6   | Reached skill level 15 in Unarmed Combat
 12457 | Lair:6   | //gloves
 12754 | Lair:6   | //staff behind statue, mhmm
 12754 | Lair:6   | //dig charges are rare
 12778 | Lair:6   | Noticed a dire elephant
 12794 | Lair:6   | Killed a dire elephant
 12796 | Lair:6   | //might vs dire ele
 12861 | Lair:6   | Noticed a dire elephant
 12861 | Lair:6   | Noticed a dire elephant
 12874 | Lair:6   | Killed a dire elephant
 12881 | Lair:6   | Killed a dire elephant
 12927 | Lair:6   | //book Frost
 12927 | Lair:6   | //... with Hailstorm
 12931 | Lair:6   | //ozo: 28% fail
 12931 | Lair:6   | //well, check staff
 12959 | Lair:6   | //used 1/3 charges dig -> staff earth
 12960 | Lair:6   | //btw, gold for buying a head
 12998 | Lair:6   | Noticed a dire elephant
 13014 | Lair:6   | Killed a dire elephant
 13187 | Lair:1   | //animate 6% fail, lev-5 spells with 19% failure out of
                  | reach atm
 13187 | Lair:1   | //just did lair and 13 k...
 13227 | D:9      | Killed grouchysmurf's ghost
 13227 | D:9      | Reached skill level 10 in Evocations
 13318 | D:8      | Bought a faintly glowing hat for 306 gold pieces
 13323 | D:8      | Identified the cursed +0 hat "Guososh" {rPois Str-5 Slay+5
                  | Stlth+} (You bought it in a shop on level 8 of the Dungeon)
 13323 | D:8      | //rPois and slay+5 > Str-5, keep it
 13323 | D:8      | //but 11 str now...
 13323 | D:8      | //btw - mines?
 13371 | D:8      | //Dr looks funny with this blue hat
 13443 | D:10     | //have to find mines first
 13478 | D:11     | //Sack
 13535 | D:11     | Found Plog's Jewellery Shop.
 13678 | D:11     | //[el2]
 13727 | D:11     | //btw, no sInv
 13763 | D:11     | Noticed Nergalle
 13774 | D:11     | Killed Nergalle
 13774 | D:11     | Reached XP level 14. HP: 121/121 MP: 20/22
 13777 | D:11     | //bers nerg
 13874 | D:11     | //there we are
 13874 | D:11     | Found a staircase to the Orcish Mines.
 13933 | D:11     | Found a roughly hewn altar of Beogh.
 14064 | D:12     | //Party Tricks
 14376 | D:12     | Noticed Gastronok
 14421 | D:12     | Killed Gastronok
 14449 | D:12     | //box
 14553 | D:12     | Reached skill level 10 in Necromancy
 14554 | D:12     | //now, necro 10, lev 5 spells ok (8% fail)
 14813 | D:13     | You fall into a shaft and drop 2 floors!
 14813 | D:15     | Entered Level 15 of the Dungeon
 14813 | D:15     | Found an iron altar of Okawaru.
 14814 | D:15     | //Oh so funny
 14815 | D:15     | //mapped D:15 - tough level
 14842 | D:15     | Found a shadowy altar of Dithmenos.
 14843 | D:15     | Found a hazy altar of Hepliaklqana.
 14875 | D:15     | //agony - only one tile away?!
 14876 | D:15     | //is this a bug?
 14934 | D:15     | Upgraded the game from 0.25-a0-287-g56a5b49892 to
                  | 0.25-a0-290-g4a1327ee3a
 14934 | D:15     | //*******
 14934 | D:15     | //now that agony is available it's cut to range 1
 14934 | D:15     | //close to useless
 14934 | D:15     | //oh, D:15 and have to go up
 14938 | D:15     | Learned a level 3 spell: Ozocubu's Armour
 15003 | D:15     | //zombies have no chance vs hydra
 15005 | D:15     | Reached skill level 1 in Ice Magic
 15063 | D:15     | //ozo makes this weak char better ofc
 15082 | D:14     | Found a runed translucent door.
 15089 | D:14     | Noticed Inatz's ghost (journeyman DDBe)
 15091 | D:14     | Identified the +8 spear of the Soothsayer {pierce, Dex+6
                  | Stlth+}
 15130 | D:14     | //agony still good btw
 15174 | D:14     | //btw I have breath steam
 15174 | D:14     | //... and rage
 15174 | D:14     | //that's when you return after a long break...
 15225 | D:14     | //ring sInv
 15322 | D:14     | //slowed - better to keep rC+
 15353 | D:14     | Found a shattered altar of Ashenzari.
 15529 | D:14     | //finally stairs up
 15661 | D:13     | //dispel is usually not worth it any longer with range 1
 15661 | D:13     | //it's lev 5 -> spell hunger
 15742 | D:14     | //staff wiz!
 15867 | Orc:1    | Entered Level 1 of the Orcish Mines
 15886 | Orc:1    | Reached skill level 5 in Ice Magic
 16023 | Orc:2    | Entered Level 2 of the Orcish Mines
 16023 | Orc:2    | Found Koegecot's Book Emporium.
 16024 | Orc:2    | //book shop is first I find here
 16025 | Orc:2    | //mapped - ogre ending
 16025 | Orc:2    | //2 digs left
 16056 | Orc:2    | Reached skill level 5 in Charms
 16059 | Orc:2    | //good books here - including changes
 16135 | Orc:2    | //no ogre ending btw
 16286 | Orc:2    | //MR instead of Ev+3
 16476 | Orc:2    | Found Giujeg Ucw's Food Boutique.
 16476 | Orc:2    | Found Hyurupla's Assorted Antiques.
 16477 | Orc:2    | Found Xucaw's Food Shop.
 16480 | Orc:2    | Found Evuvatemn's Gadget Shop.
 16481 | Orc:2    | //2 food shops, ouch
 16559 | Orc:2    | Bought a book of Changes for 350 gold pieces
 16560 | Orc:2    | //forgot dispel undead - what for would I need it?
 16566 | Orc:2    | Learned a level 5 spell: Blade Hands
 16590 | Orc:2    | Bought a scroll of magic mapping for 98 gold pieces
 16757 | D:6      | Bought a wand of digging (6) for 260 gold pieces
 16886 | Lair:1   | Reached skill level 1 in Transmutations
 16893 | Lair:1   | Killed Voker57's ghost
 16894 | Lair:1   | //oh, the cat was the ghost...
 16997 | Lair:1   | //[boss. d]
 17019 | Snake:1  | Entered Level 1 of the Snake Pit
 17099 | Snake:1  | Reached XP level 15. HP: 108/129 MP: 12/23
 17100 | Snake:1  | //Str (as hat has -5 str)
 17292 | Snake:1  | //shallow water with snakes and pots degen...
 17373 | Snake:1  | Reached skill level 5 in Transmutations
 17394 | Snake:1  | //game is so complicated
 17394 | Snake:1  | //Oka is so easy with hero and finesse
 17429 | Snake:1  | //probably not strong enough to fight a pack of them (like
                  | with Oka)
 17514 | Snake:1  | //book Ench
 17636 | Snake:1  | //first shield in the game...
 17636 | Snake:1  | //but dForm is intended
 17693 | Snake:1  | //UC so weak atm -> use agony more often until blade is
                  | available
 17810 | Snake:1  | //wiz 12% fail Blade, ok
 17983 | Snake:1  | //still not great with blade and ozo
 17983 | Snake:1  | //well, UC is 15, would be 20 with Oka!
 18080 | Snake:1  | //stupid elec
 18212 | Snake:1  | //always low on MP - ozo + blade is a lot (and blade has
                  | short time)
 18335 | Snake:1  | Received a gift from Kikubaaqudgha
 18337 | Snake:1  | //ok, got Necronom
 18337 | Snake:1  | //lev 8 spells are at 99% fail (only necro school) with wiz
 18339 | Snake:1  | //ev+3 instead of rC+
 18449 | Snake:1  | //ok, cleared this degen vault
 18496 | Snake:2  | //no rF+ btw
 18508 | Snake:2  | //spells nearly impossible with Blade
 18570 | Snake:2  | Reached skill level 10 in Transmutations
 18612 | Snake:2  | //blade 7% fail without wiz
 18686 | Snake:2  | //staff energy good option
 18688 | Snake:2  | //ring +5 Int instead MR+
 18702 | Snake:2  | Found Qeisieno's Antique Armour Boutique.
 19031 | Snake:2  | Noticed Donald
 19052 | Snake:2  | Killed Donald
 19065 | Snake:2  | //shield refl - will I need it?
 19203 | Snake:2  | //rF+
 19209 | Snake:2  | //mark from what?
 19252 | Snake:2  | //char still not suited vs multiple foes
 19275 | Snake:2  | Reached XP level 16. HP: 74/139 MP: 18/27
 19355 | Snake:2  | //crystal plate (from some naga (!))
 19445 | Snake:2  | Found a shattered altar of Ashenzari.
 19510 | Snake:3  | //btw I have rage and don't use it at all
 19765 | Snake:3  | //nasty salamander
 19771 | Snake:3  | //and always blade prevents regen spell
 19771 | Snake:3  | //very very bad
 19774 | Snake:3  | //so this is very complicated
 20116 | Snake:3  | //bers...
 20240 | Snake:3  | //boots (!)
 20339 | Snake:4  | Entered Level 4 of the Snake Pit
 20341 | Snake:4  | //mapped - and 4 shops
 20354 | Snake:4  | Reached skill level 5 in Stealth
 20616 | Snake:4  | //surrounded - miscast blade - and then 0 magic
 20617 | Snake:4  | //and they tele me
 20617 | Snake:4  | //what can I do without MP?
 20625 | Snake:4  | //and next surround
 20626 | Snake:4  | //-> sack
 20881 | Snake:4  | //this stupid surround, combined with e.g. mana viper
 20914 | Snake:4  | //bers nagaraja as last chance
 21026 | Snake:4  | Found Gaoniohi's Jewellery Shoppe.
 21026 | Snake:4  | Found Xodae's Gadget Boutique.
 21036 | Snake:4  | Found Hopileyso's Gadget Boutique.
 21048 | Snake:4  | //what I really wanted is dForm here in a shop...
 21122 | Snake:3  | //+0 gloves, boots, hat is not good for a Dr...
 21296 | Snake:4  | //how should this char be able to deal with snake:4?
 21296 | Snake:4  | //agony useless now, can't be cast with blade
 21429 | Lair:2   | Found a staircase to the Shoals.
 21476 | Shoals:1 | Entered Level 1 of the Shoals
 21477 | Shoals:1 | //ice cave...
 21477 | Shoals:1 | //no mag mapping
 21623 | Shoals:1 | Reached skill level 16 in Unarmed Combat
 21698 | Shoals:1 | Found a frozen archway.
 21719 | IceCv    | Entered an ice cave
 21771 | IceCv    | //id harm
 21787 | IceCv    | //statues - no invis
 21809 | IceCv    | //oops - very ugly thing was very ugly indeed - berserk
 21967 | IceCv    | //resist + fast + blade
 21967 | IceCv    | //but golden dragon sim. behind last statue, ouch
 21978 | IceCv    | //-> brill + regen
 22022 | IceCv    | Got a twitching steel ring
 22027 | IceCv    | Identified the ring "Puezeit" {rF+ MP+9} (You found it in
                  | an ice cave)
 22030 | IceCv    | //check spells with wiz and brill: simu 6%, lev 8 necro 50%
                  | fail
 22347 | Shoals:1 | Reached XP level 17. HP: 48/148 MP: 20/29
 22739 | Shoals:2 | Noticed Ilsuiw
 22780 | Shoals:2 | Killed Ilsuiw
 22811 | Shoals:2 | //killed ils. and allies did the rest
 23009 | Shoals:2 | Found a transporter.
 23059 | Shoals:2 | Found a bloodstained altar of Trog.
 23192 | Shoals:2 | //5 curare
 23279 | Shoals:2 | //losing many HP in nearly every fight
 23318 | Shoals:2 | Identified the +4 trident "Pikoakk" {distort, MR+}
 23320 | Shoals:2 | Noticed LostGamesStreakFreak's ghost (adept HOBe)
 23320 | Shoals:2 | Identified the +6 trident of Day {elec, *Rage Dex+4 SInv}
 23325 | Shoals:2 | //artefact hat here in ghost vault but ghost moth
 23325 | Shoals:2 | //moth of wrath*
 23329 | Shoals:2 | Found a transporter.
 23356 | Shoals:2 | Noticed Polyphemus
 23381 | Shoals:2 | Mangled by Polyphemus

Levels and vault maps discovered:
D:1:      onia_arrival_pentagram, layout_rooms
D:2:      layout_loops_ring, minmay_overflow_temple_star_quad
D:3:      layout_basic, nicolae_qazlal_general_emergency
D:4:      layout_loops_ring, first_ration, moated_statue,
          minmay_stone_trees_small, makhleb_blood_cavern_becter, uniq_natasha
D:5:      layout_loops_ring, serial_park_tiny_pond, uniq_crazy_yiuf_cottage,
          uniq_pikel
D:6:      layout_gridville, lemuel_crystal_altar, serial_shops, shop
D:7:      layout_gridville, minmay_temple_entry_mist, serial_shops, shop,
          uniq_duvessa
D:8:      layout_basic, serial_shops, shop, basic_altar
D:9:      layout_basic, amethyst_overflow_temple_binary, gammafunk_ghost_grave,
          uniq_psyche
D:10:     layout_irregular_city, minmay_lair_entry_grove, blue_anna_alchemist
          [blue_anna_fruit_fields, blue_anna_fruit_fields], st_stairs_6,
          minmay_misc_feat_chi
D:11:     layout_small_grid, minmay_orc_entry_temple_small, serial_shops, shop,
          uniq_nergalle
D:12:     minmay_inside_and_out, layout_basic, uniq_erolcha, uniq_gastronok,
          uniq_fannar, uniq_josephine
D:13:     layout_rooms
D:14:     layout_basic, david_vaults_5, ebering_ghost_funeral_grove,
          evilmike_ruin_ashenzari
D:15:     hangedman_slaughterboxes
Temple:   eino_temple_rhombus
Lair:1:   layout_regular_city, maelrawn_ghost_gauntlet_escape, lemuel_fruit_tree
Lair:2:   layout_gridlike, elwin_shoals_entry_rooms,
          minmay_snake_entry_guardpost_small, gammafunk_ghost_wrathful_warriors,
          uniq_urug
Lair:3:   layout_misc_corridors, minivault_27, lemuel_fruit_fields,
          minmay_lair_oklob_chamber
Lair:4:   layout_regular_city, serial_bayou_shore_b
Lair:5:   layout_gridlike, slime_dummy, minivault_26, zaba_anthole, tgw_fedhas
Lair:6:   due_jungle_book, layout_concentric_octagons,
          ebering_ghost_disaster_area, disabler_island,
          infiniplex_staircase_pool_2, lemuel_fruit_fields
Shoals:1: layout_shoals, portal_ice_cave_entry_ice_statue_one
Shoals:2: layout_shoals, gammafunk_ghost_wrathful_warriors, uniq_ilsuiw,
          uniq_polyphemus
Snake:1:  layout_cave_shapes, hangedman_venom_bottle, grunt_megastairs_1
Snake:2:  layout_chambers, serial_shops, shop, basic_altar, uniq_donald
Snake:3:  layout_honeycomb
Snake:4:  snake_pit, layout_rooms, minmay_shop_grove, grunt_megastairs_3
Orc:1:    layout_caves, nicolae_orc_sculptors_studio
Orc:2:    st_orc_mages, layout_caves, serial_shops, nicolae_shop_waterfront,
          special_room

Skill      XL: |  1  2  3  4  5  6  7  8  9 10 11 12 13 14 15 16 17 |
---------------+----------------------------------------------------+-----
Unarmed Combat | 4 5 6 9 12 13 15 16 | 16.5
Necromancy     | 2 3 5 7 8 10 11 12 | 12.0
Charms         | 3 5 6 |  6.0
Fighting       | 4 5 7 8 10 11 12 13 | 13.0
Spellcasting   | 1 3 4 5 7 8 |  8.0
Evocations     | 2 4 10 11 12 | 12.0
Dodging        | 3 6 12 | 12.0
Stealth        | 2 4 5 |  5.0
Ice Magic      | 5 |  5.0
Transmutations | 3 10 | 10.0

Action                   |  1- 3 |  4- 6 |  7- 9 | 10-12 | 13-15 | 16-18 || total
-------------------------+-------+-------+-------+-------+-------+-------++-------
Melee: Unarmed           |   113 |   112 |    40 |   343 |  1166 |   460 ||  2234
       Punch             |     1 |     6 |     8 |    34 |    69 |    21 ||   139
       Tailslap          |    16 |    28 |    43 |    95 |   179 |    58 ||   419
       Whip              |       |   102 |   292 |   273 |       |       ||   667
Throw: Stone             |     3 |     7 |       |       |       |       ||    10
       Dart              |       |     8 |    38 |    30 |       |       ||    76
       Boomerang         |       |       |     1 |     2 |       |       ||     3
       Javelin           |       |       |       |     8 |    12 |     7 ||    27
 Cast: Animate Skeleton  |       |     7 |    14 |    20 |    17 |    10 ||    68
       Regeneration      |       |     5 |    34 |    85 |   127 |    95 ||   346
       Pain              |       |       |     9 |    19 |     1 |       ||    29
       Animate Dead      |       |       |     2 |    38 |    43 |    19 ||   102
       Dispel Undead     |       |       |       |     3 |     7 |       ||    10
       Ozocubu's Armour  |       |       |       |       |    69 |    41 ||   110
       Agony             |       |       |       |       |    20 |       ||    20
       Blade Hands       |       |       |       |       |    26 |    77 ||   103
Invok: Receive Corpses   |       |       |     1 |     5 |    12 |     4 ||    22
       Receive Necronomi |       |       |       |       |     1 |       ||     1
 Abil: Breathe Steam     |       |       |    38 |    94 |    67 |     3 ||   202
       Evoke Berserk Rag |       |       |       |       |    11 |     4 ||    15
       End Transformatio |       |       |       |       |    16 |    53 ||    69
Evoke: Wand              |       |       |    11 |    19 |    25 |    25 ||    80
       Phial of floods   |       |       |       |     1 |     3 |       ||     4
       Staff of energy   |       |       |       |     2 |   176 |   170 ||   348
       Box of beasts     |       |       |       |       |     1 |       ||     1
       Sack of spiders   |       |       |       |       |       |     5 ||     5
  Use: Potion            |     2 |     3 |     1 |     6 |    15 |     8 ||    35
       Scroll            |       |     5 |     7 |    11 |    12 |     5 ||    40
 Stab: Sleeping          |     1 |     3 |       |       |     4 |       ||     8
       Paralysed         |       |       |       |     4 |     3 |     1 ||     8
       Distracted        |       |       |       |     5 |     2 |     2 ||     9
  Eat: Chunk             |       |     9 |    15 |    37 |    40 |    19 ||   120
       Ration            |       |       |     2 |     4 |    17 |     4 ||    27
Armor: Skin              |    26 |    60 |   103 |   137 |   206 |    93 ||   625
Dodge: Dodged            |    80 |   116 |   243 |   664 |   876 |   453 ||  2432

Table legend:
 A = Non-vault XP
 B = Vault XP
 C = Vault XP percentage of total XP
 D = Non-vault monster count
 E = Vault monster count
 F = Vault count percentage of total count
                 A         B        C        D         E       F
            +---------+---------+-------+---------+---------+-------
      Total |  178872 |   56704 |  24.1 |     758 |     188 |  19.9
            +---------+---------+-------+---------+---------+-------
        D:1 |      31 |       0 |   0.0 |      23 |       0 |   0.0
        D:2 |     110 |       0 |   0.0 |      27 |       0 |   0.0
        D:3 |     116 |       0 |   0.0 |      33 |       0 |   0.0
        D:4 |     315 |      78 |  19.8 |      12 |       2 |  14.3
        D:5 |     471 |       0 |   0.0 |      19 |       0 |   0.0
        D:6 |    1157 |       0 |   0.0 |      22 |       0 |   0.0
        D:7 |    1262 |     212 |  14.4 |      24 |       2 |   7.7
        D:8 |    1303 |       0 |   0.0 |      32 |       0 |   0.0
        D:9 |    2085 |    1062 |  33.7 |      22 |       2 |   8.3
       D:10 |    3522 |    1498 |  29.8 |      36 |      13 |  26.5
       D:11 |    5357 |     968 |  15.3 |      34 |      13 |  27.7
       D:12 |   10315 |    8373 |  44.8 |      58 |      15 |  20.5
       D:13 |    5085 |       0 |   0.0 |      24 |       0 |   0.0
       D:14 |    5348 |       0 |   0.0 |      26 |       0 |   0.0
       D:15 |       0 |    3583 | 100.0 |       0 |       7 | 100.0
     Lair:1 |    6184 |    2462 |  28.5 |      29 |       4 |  12.1
     Lair:2 |    2147 |    1869 |  46.5 |      12 |       7 |  36.8
     Lair:3 |    4597 |     321 |   6.5 |      21 |       2 |   8.7
     Lair:4 |    3046 |       0 |   0.0 |      12 |       0 |   0.0
     Lair:5 |    1445 |       0 |   0.0 |       8 |       0 |   0.0
     Lair:6 |   15323 |    3872 |  20.2 |      49 |       9 |  15.5
   Shoals:1 |   15871 |     433 |   2.7 |      36 |       1 |   2.7
   Shoals:2 |   10592 |    4705 |  30.8 |      25 |       8 |  24.2
    Snake:1 |   23594 |   10092 |  30.0 |      45 |      28 |  38.4
    Snake:2 |   17667 |    1834 |   9.4 |      38 |       1 |   2.6
    Snake:3 |   22917 |       0 |   0.0 |      37 |       0 |   0.0
    Snake:4 |   16390 |    2148 |  11.6 |      31 |       4 |  11.4
      Orc:1 |    1491 |       0 |   0.0 |      13 |       0 |   0.0
      Orc:2 |    1131 |    5869 |  83.8 |      10 |      48 |  82.8
      IceCv |       0 |    7325 | 100.0 |       0 |      22 | 100.0
            +---------+---------+-------+---------+---------+-------
